AoeStats
← maximusthefirst

Black Forest

510042603Analyzed
4v4 RM · 3d ago on Sep 29, 2026· 86m 52s· 8 players
Game mode
Random Map
Map size
Large (8 player)
Population
200
Speed
Normal
Resources
Standard
Victory
Conquest
Starting age
Dark Age
Ending age
Imperial Age
RankedLock teamsTeams togetherTeam positionsShared explorationLock speedFull tech treeHidden civsTurbo modeCheats
Victory
Defeat
🇦🇷 Khmer · Argentina
856
+26
🇺🇸 Khmer · United States
851
+8
🇸🇰 Britons · Slovakia
760
+12
🇨🇦 Chinese · Canada
677
+16
🇨🇳 Britons · China
839
-17
🇨🇳 Celts · China
791
-15
🇨🇳 Persians · China
522
-6
🇵🇪 Byzantines · Peru
516
-6
Cigarette Lobster
0:39 Loom
15:49 Feudal Age
16:50 Double-Bit Axe
19:56 Castle Age
21:50 Fervor
21:33 Gold Mining
21:36 Stone Mining
21:29 Horse Collar
22:44 Bow Saw
25:28 Caravan
28:33 Wheelbarrow
27:48 Town Watch
30:30 Hand Cart
32:25 Gold Shaft Mining
31:59 Heavy Plow
32:39 Stone Shaft Mining
36:31 Imperial Age
36:59 Fletching
37:10 Padded Archer Armor
37:21 Forging
37:11 Scale Mail Armor
38:47 Two-Man Saw
38:29 Conscription
39:25 Bodkin Arrow
39:46 Leather Archer Armor
40:45 Chemistry
40:06 Ballistics
40:45 Iron Casting
40:26 Chain Mail Armor
41:20 Bracer
41:51 Ring Archer Armor
42:18 Arson
42:35 Squires
41:58 Elite Fire Lancer
42:04 Pikeman
42:07 Elite Chu Ko Nu
45:10 Blast Furnace
44:41 Plate Mail Armor
45:07 Heavy Rocket Cart
46:34 Halberdier
48:08 Man-at-Arms
48:59 Thumb Ring
49:30 Rocketry
55:20 Coinage
58:51 Banking
59:07 Fortified Wall
60:56 Masonry
60:42 Murder Holes
62:27 Long Swordsman
63:07 Two-Handed Swordsman
69:05 Champion
75:33 Champion
maximusthefirst
0:34 Loom
11:12 Feudal Age
13:16 Wheelbarrow
12:31 Double-Bit Axe
12:45 Horse Collar
16:07 Town Watch
22:28 Castle Age
21:35 Stone Mining
23:35 Hand Cart
23:49 Bow Saw
23:42 Heavy Plow
24:58 Town Patrol
25:54 Stone Shaft Mining
25:42 Gold Mining
26:40 Caravan
36:03 Imperial Age
34:34 Bloodlines
34:38 Fortified Wall
34:43 Masonry
35:57 Tusk Swords
35:55 Murder Holes
36:10 Scale Barding Armor
36:17 Forging
37:22 Crop Rotation
39:10 Ballistics
38:42 Fletching
39:14 Chain Barding Armor
39:30 Iron Casting
39:58 Chemistry
39:04 Siege Engineers
39:30 Architecture
38:25 Light Cavalry
39:07 Husbandry
38:29 Cavalier
39:43 Conscription
39:24 Double Crossbow
40:01 Hoardings
40:20 Elite Ballista Elephant
40:24 Hussar
41:04 Bodkin Arrow
41:45 Plate Barding Armor
40:35 Capped Ram
41:30 Heavy Scorpion
42:32 Bracer
43:56 Devotion
43:26 Siege Ram
49:20 Faith
49:57 Coinage
73:51 Banking
86:52 Blast Furnace
Richard
0:27 Loom
10:24 Feudal Age
11:57 Double-Bit Axe
11:54 Horse Collar
21:40 Castle Age
21:33 Stone Mining
21:34 Gold Mining
21:50 Padded Archer Armor
21:40 Fletching
22:01 Forging
21:51 Scale Mail Armor
25:48 Wheelbarrow
24:58 Town Watch
26:15 Bow Saw
28:07 Gold Shaft Mining
27:35 Heavy Plow
28:26 Caravan
31:52 Murder Holes
36:49 Imperial Age
35:38 Hand Cart
35:24 Town Patrol
35:58 Fortified Wall
35:59 Masonry
36:10 Ballistics
35:49 Bodkin Arrow
37:04 Man-at-Arms
37:29 Gambesons
37:45 Squires
37:05 Pikeman
37:31 Arson
37:08 Elite Skirmisher
38:00 Bracer
38:15 Leather Archer Armor
38:53 Long Swordsman
39:07 Elite Longbowman
40:24 Hoardings
40:12 Yeomen
40:13 Conscription
39:24 Sappers
40:04 Scale Barding Armor
40:32 Architecture
40:07 Siege Engineers
39:54 Heated Shot
39:45 Treadmill Crane
40:57 Warwolf
41:30 Ring Archer Armor
41:36 Iron Casting
41:16 Chain Mail Armor
41:21 Chain Barding Armor
40:40 Two-Handed Swordsman
43:42 Chemistry
42:27 Arrowslits
42:34 Guard Tower
45:29 Blast Furnace
44:59 Plate Mail Armor
45:35 Two-Man Saw
46:07 Champion
46:08 Halberdier
61:03 Fervor
61:08 Block Printing
61:19 Illumination
60:49 Herbal Medicine
61:17 Sanctity
60:57 Devotion
66:38 Theocracy
66:25 Faith
67:36 Keep
67:07 Siphons
67:13 Clinker Construction
70:11 Coinage
77:24 Heavy Mounted Crossbowman
77:25 Cranequins
77:25 Crossbowman
84:40 Banking
84:20 Guilds
LukkasRmx
16:22 Feudal Age
21:12 Horse Collar
21:20 Double-Bit Axe
25:26 Town Watch
26:18 Wheelbarrow
28:41 Castle Age
27:29 Gold Mining
27:32 Stone Mining
31:48 Bow Saw
33:45 Gold Shaft Mining
33:45 Stone Shaft Mining
33:16 Heavy Plow
37:49 Imperial Age
49:02 Crop Rotation
54:31 Caravan
55:52 Crossbowman
58:58 Wheelbarrow
59:24 Arbalester
61:07 Elite Ballista Elephant
66:23 Double Crossbow
71:06 Chemistry
70:26 Ballistics
70:17 Fortified Wall
LAI32
13:12 Feudal Age
13:50 Double-Bit Axe
14:14 Horse Collar
15:57 Wheelbarrow
16:11 Stone Mining
16:16 Gold Mining
22:16 Castle Age
23:47 Bow Saw
23:43 Heavy Plow
24:23 Stone Shaft Mining
24:56 Gold Shaft Mining
26:51 Hand Cart
32:20 Imperial Age
34:09 Two-Man Saw
33:44 Crop Rotation
33:45 Kamandaran
37:50 Elite War Elephant
41:01 Chemistry
40:22 Ballistics
42:03 Conscription
45:07 Forging
44:58 Padded Archer Armor
44:49 Fletching
45:41 Citadels
48:50 Crossbowman
49:36 Thumb Ring
51:49 Elite Skirmisher
55:57 Iron Casting
55:18 Bodkin Arrow
55:39 Leather Archer Armor
55:25 Scale Mail Armor
55:31 Scale Barding Armor
57:18 Husbandry
60:29 Cavalier
62:07 Savar
63:59 Ring Archer Armor
73:57 Caravan
lycandros
14:31 Feudal Age
13:17 Loom
28:54 Castle Age
30:00 Wheelbarrow
30:15 Horse Collar
30:26 Double-Bit Axe
34:34 Imperial Age
35:33 Hand Cart
35:23 Light Cavalry
35:25 Cavalier
36:11 Husbandry
38:47 Heavy Plow
39:25 Bow Saw
42:43 Onager
44:29 Chemistry
43:16 Treadmill Crane
43:45 Scale Barding Armor
43:41 Scale Mail Armor
45:23 Heavy Camel Rider
53:49 Bombard Tower
53:36 Hussar
55:14 Caravan
64:55 Paladin
67:13 Conscription
69:29 Chain Barding Armor
69:24 Chain Mail Armor
Jascsdc001
12:02 Feudal Age
16:00 Castle Age
14:03 Double-Bit Axe
14:10 Horse Collar
17:18 Bow Saw
17:13 Heavy Plow
18:54 Stone Mining
23:02 Loom
23:57 Wheelbarrow
23:18 Town Watch
24:45 Gold Mining
27:49 Hand Cart
27:35 Town Patrol
31:53 Imperial Age
29:45 Treadmill Crane
30:32 Caravan
31:25 Fletching
31:36 Padded Archer Armor
32:15 Gold Shaft Mining
31:56 Masonry
33:51 Conscription
32:52 Elite Longbowman
33:58 Yeomen
33:44 Bodkin Arrow
34:05 Leather Archer Armor
33:37 Pikeman
34:03 Gambesons
34:03 Arson
34:19 Squires
34:23 Warwolf
34:39 Bracer
34:42 Elite Skirmisher
36:49 Chemistry
36:14 Ballistics
36:28 Architecture
35:53 Arrowslits
36:06 Murder Holes
36:03 Halberdier
36:47 Scale Mail Armor
37:20 Ring Archer Armor
36:52 Scale Mail Armor
37:02 Forging
39:42 Siege Engineers
39:39 Murder Holes
41:06 Chain Mail Armor
41:27 Iron Casting
46:42 Blast Furnace
46:13 Plate Mail Armor
47:02 Two-Man Saw
46:26 Fortified Wall
46:09 Guard Tower
59:19 Hoardings
Nick76Luo
10:35 Feudal Age
13:39 Town Watch
15:55 Castle Age
13:54 Double-Bit Axe
16:35 Horse Collar
18:07 Stone Mining
19:36 Heavy Plow
20:40 Bow Saw
23:54 Wheelbarrow
24:04 Stone Shaft Mining
24:02 Gold Mining
25:46 Hand Cart
26:16 Gold Shaft Mining
30:57 Imperial Age
28:51 Loom
29:07 Town Patrol
29:05 Herbal Medicine
29:10 Devotion
29:22 Fortified Wall
31:12 Fletching
31:32 Forging
31:23 Scale Mail Armor
31:37 Masonry
31:52 Caravan
31:51 Bodkin Arrow
33:21 Iron Casting
32:45 Capped Ram
35:00 Conscription
36:34 Furor Celtica
35:48 Siege Ram
38:50 Blast Furnace
38:05 Chain Mail Armor
37:12 Pikeman
37:38 Arson
37:17 Heavy Scorpion
39:01 Onager
40:27 Guilds
41:27 Plate Mail Armor
41:08 Siege Engineers
41:30 Ballistics
42:12 Siege Onager
43:00 Scale Barding Armor
44:12 Stronghold
43:47 Halberdier
44:58 Chain Barding Armor
44:38 Murder Holes
45:24 Hoardings
57:58 Elite Woad Raider
Connection lost

Rejoining the realm…

Still unreachable

The connection could not be restored.

Session expired

The server has moved on; the page needs a fresh start.